 Dungeon Crawl Stone Soup version 0.18.0-1-g0107ab7 (webtiles) character file.

4883 Alarkh the Spear-Bearer (level 10, -7/70 HPs)
             Began as a Mummy Skald on May 5, 2016.
             Was an Initiate of Gozag.
             Mangled by a wyvern (10 damage)
             ... on level 8 of the Dungeon.
             The game lasted 00:22:04 (10691 turns).

Alarkh the Spear-Bearer (Mummy Skald)              Turns: 10691, Time: 00:22:06

Health: -7/70      AC:  4    Str: 16    XL:     10   Next: 26%
Magic:  13/16      EV: 12    Int: 14    God:    Gozag
Gold:   328        SH:  0    Dex: 12    Spells: 4 memorised, 9 levels left

rFire  . . .     SeeInvis .     a - +5 trident (venom)
rCold  + . .     Gourm    .     b - +1 leather armour
rNeg   + + +     Faith    .     (no shield)
rPois  ∞         Spirit   .     (no helmet)
rElec  .         Dismiss  .     (no cloak)
rCorr  .         Reflect  .     (no gloves)
SustAt .         Harm     .     (no boots)
MR     +....                    (no amulet)
Stlth  +.........               s - ring of protection from fire
                                (no ring)

@: somewhat resistant to hostile enchantments, very unstealthy
A: no food or potions, fire vulnerability, cold resistance 1, negative energy
resistance 3, torment resistance, unbreathing
a: Potion Petition, Call Merchant, Bribe Branch, Renounce Religion


You were on level 8 of the Dungeon.
You worshipped Gozag.
Gozag was noncommittal.
You were not hungry.

You visited 2 branches of the dungeon, and saw 10 of its levels.
You also visited: Ossuary.

You collected 817 gold pieces.
You spent 422 gold pieces at shops.
You paid 67 gold pieces to Gozag.

Inventory:

Hand Weapons
 a - a +5 trident of venom (weapon)
 l - a +1 spear
Missiles
 v - 2 throwing nets (quivered)
Armour
 b - a +1 leather armour (worn)
Jewellery
 q - an uncursed ring of teleportation
 s - a ring of protection from fire (right hand)
Wands
 j - a wand of paralysis (8/24)
 m - a wand of iceblast (3/15)
 o - a wand of digging (7/24)
 p - a wand of iceblast (6/15)
 r - a wand of disintegration (21/24)
Scrolls
 d - 4 scrolls of enchant armour
 f - 2 scrolls of recharging
 g - 2 scrolls of random uselessness
 i - 2 scrolls of magic mapping
 k - a scroll of teleportation
 n - 2 scrolls of amnesia
 t - 5 scrolls of noise {unknown}
 u - a scroll of acquirement {unknown}
Books
 c - a book of Battle

   Spells                             Type                      Level
   a - Infusion                       Charms                       1
   b - Shroud of Golubria             Charms/Translocation         2
   c - Song of Slaying                Charms                       2
   d - Spectral Weapon                Hexes/Charms                 3
   e - Regeneration                   Charms/Necromancy            3
 h - a book of the Dragon

   Spells                             Type                      Level
   a - Flame Tongue                   Conjuration/Fire             1
   b - Cause Fear                     Hexes                        4
   c - Bolt of Fire                   Conjuration/Fire             6
   d - Dragon Form                    Transmutation                7
   e - Dragon's Call                  Summoning                    9


   Skills:
 + Level 3.1 Fighting
 * Level 10.3 Polearms
 + Level 2.3 Armour
 + Level 2.1 Dodging
 - Level 4.0 Spellcasting
 - Level 6.2 Charms


You had 9 spell levels left.
You knew the following spells:

 Your Spells              Type           Power        Failure   Level  Hunger
a - Shroud of Golubria    Chrm/Tloc      ##........   12%         2    N/A
b - Song of Slaying       Chrm           ###.....     2%          2    N/A
c - Spectral Weapon       Hex/Chrm       ##......     21%         3    N/A
e - Infusion              Chrm           ###.         1%          1    N/A

Dungeon Overview and Level Annotations

Branches:
Dungeon (9/15)             Temple (1/1) D:5            Lair (0/8) D:9
    Orc: D:9-12

Altars:
Ashenzari
Cheibriados
Dithmenos
Elyvilon
Fedhas
Gozag
Kikubaaqudgha
Makhleb
Nemelex Xobeh
Okawaru
Pakellas
Qazlal
Ru
Sif Muna
Trog
Vehumet
Xom
Yredelemnul
Zin
The Shining One

Shops:
D:5 *(:(=


Innate Abilities, Weirdness & Mutations

You do not eat or drink.
Your flesh is vulnerable to fire.
You are immune to poison.
Your flesh is cold resistant.
You are immune to negative energy.
You are immune to unholy pain and torment.
You can survive without breathing.


Message History

* * * LOW HITPOINT WARNING * * *
Your surroundings suddenly seem different.
The helpless wyvern fails to defend itself.
You puncture the wyvern!
The wyvern is poisoned.
The wyvern is heavily wounded.
The wyvern bites you.
* * * LOW HITPOINT WARNING * * *
You hit the wyvern but do no damage.
The wyvern looks even sicker.
The wyvern is heavily wounded.
The wyvern misses you. The wyvern bites you.
* * * LOW HITPOINT WARNING * * *
You hit the wyvern.
The wyvern is severely wounded.
The wyvern bites you.
* * * LOW HITPOINT WARNING * * *
You closely miss the wyvern.
The wyvern is almost dead.
The wyvern bites you!
You die...
Your body crumbles into a pile of gold.

####### ## #.....# .#
#@l...# .# #.....# .#
#.....# .## ##......#
..## ##........# ...#
####..##.....# ##.###
#....#.......#
#.[.####.###..#######
###...##.# #.##


You could see a wyvern.

Vanquished Creatures
  Prince Ribbit (D:7)
  A human (D:7)
  A hippogriff (D:8)
  A water moccasin (D:8)
  Duvessa (D:5)
  The ghost of juanjsm the Sneak, an amateur SpEn (D:4)
  3 black bears
  An orc warrior (D:5)
  A phantom (D:8)
  2 ogres
  The ghost of Wooh the Slasher, an amateur HEFi (D:3)
  A centaur (D:6)
  6 giant frogs
  A wyvern skeleton (D:7)
  7 scorpions (Ossuary)
  Dowan (D:5)
  24 killer bees
  5 wights (D:6)
  2 giant frog zombies (D:5)
  3 centaur zombies (Ossuary)
  6 crimson imps
  2 human zombies (Ossuary)
  A hound (D:4)
  An orc priest (D:6)
  2 gnoll shamans
  5 orc wizards
  3 iguanas
  3 worker ants
  3 mummies (Ossuary)
  7 gnolls
  6 scorpion zombies (Ossuary)
  11 adders
  An adder zombie (D:5)
  An adder skeleton (D:4)
  7 worms
  3 dart slugs
  3 giant geckos
  27 orcs
  5 bats
  7 giant cockroaches
  6 goblins
  8 hobgoblins
  6 jackals
  8 kobolds
  3 quokkas
  2 giant gecko skeletons
  A giant gecko zombie (D:7)
  5 giant newts
  A gnoll zombie (Ossuary)
  2 goblin zombies
  A hobgoblin zombie (Ossuary)
  4 kobold zombies (Ossuary)
  3 orc zombies (Ossuary)
  A quokka zombie (D:4)
  9 rats
  A rat zombie (D:4)
229 creatures vanquished.

Vanquished Creatures (collateral kills)
  A killer bee (D:8)
  A worker ant (D:4)
2 creatures vanquished.

Vanquished Creatures (others)
  A kobold zombie (Ossuary)
  8 spectral weapons
9 creatures vanquished.

Grand Total: 240 creatures vanquished

Notes
Turn   | Place    | Note
--------------------------------------------------------------
     0 | D:1      | Alarkh the Mummy Skald began the quest for the Orb.
     0 | D:1      | Reached XP level 1. HP: 16/16 MP: 3/3
   133 | D:1      | Reached skill level 2 in Polearms
   150 | D:1      | Reached XP level 2. HP: 2/22 MP: 0/5
   208 | D:1      | Learned a level 2 spell: Song of Slaying
   211 | D:1      | Learned a level 2 spell: Shroud of Golubria
  1172 | D:2      | Reached XP level 3. HP: 19/27 MP: 1/6
  1358 | D:2      | Found an oddly glowing altar of Pakellas.
  1525 | D:2      | Reached XP level 4. HP: 20/33 MP: 2/7
  1751 | D:2      | Learned a level 3 spell: Spectral Weapon
  2241 | D:3      | Noticed Wooh's ghost (amateur HEFi)
  2336 | D:2      | Reached skill level 3 in Polearms
  2704 | D:3      | Reached XP level 5. HP: 13/38 MP: 3/9
  3234 | D:3      | Found a radiant altar of Vehumet.
  3295 | D:4      | Reached XP level 6. HP: 32/44 MP: 3/10
  3532 | D:4      | Found a sand-covered staircase.
  3540 | Ossuary  | Entered an ossuary
  3822 | Ossuary  | Reached skill level 4 in Polearms
  4086 | Ossuary  | Reached XP level 7. HP: 25/50 MP: 6/12
  4654 | Ossuary  | Reached skill level 5 in Polearms
  5143 | D:4      | Noticed juanjsm's ghost (amateur SpEn)
  5149 | D:4      | Killed juanjsm's ghost
  5329 | D:4      | Reached XP level 8. HP: 42/56 MP: 12/14
  5476 | D:3      | Killed Wooh's ghost
  5476 | D:3      | Reached skill level 6 in Polearms
  5657 | D:3      | Reached skill level 5 in Charms
  6200 | D:4      | Found a snail-covered altar of Cheibriados.
  6310 | D:3      | Found a snail-covered altar of Cheibriados.
  6622 | D:5      | Entered Level 5 of the Dungeon
  6622 | D:5      | Found Erevew's Jewellery Shoppe.
  6695 | D:5      | Found Raokeiq's Antique Weapon Shoppe.
  6752 | D:5      | Found Okhliot's Book Boutique.
  6872 | D:5      | Noticed Dowan
  6879 | D:5      | Killed Dowan
  6879 | D:5      | Reached skill level 7 in Polearms
  6881 | D:5      | Noticed Duvessa
  6885 | D:5      | Killed Duvessa
  7057 | D:5      | Found Roylihal's Antique Weapon Emporium.
  7114 | D:5      | Found Iweafy's Assorted Antiques.
  7202 | D:5      | Found a staircase to the Ecumenical Temple.
  7429 | Temple   | Entered the Ecumenical Temple
  7661 | Temple   | Became a worshipper of Gozag Ym Sagoz the Greedy
  7881 | D:6      | Reached XP level 9. HP: 47/61 MP: 11/15
  7968 | D:6      | Found an oddly glowing altar of Pakellas.
  8004 | D:6      | Reached skill level 8 in Polearms
  9019 | D:5      | Bought an uncursed ring of protection from fire for 350 gold pieces
  9220 | D:5      | Bought a scroll of remove curse for 72 gold pieces
  9324 | D:7      | Reached skill level 9 in Polearms
  9492 | D:7      | Found a shimmering altar of Xom.
  9494 | D:7      | Found a basalt altar of Yredelemnul.
  9545 | D:7      | Found a runed door.
  9548 | D:7      | Found a basalt altar of Yredelemnul.
  9750 | D:7      | Found a glowing silver altar of Zin.
  9920 | D:7      | Noticed Prince Ribbit
  9927 | D:7      | Killed Prince Ribbit
  9927 | D:7      | Reached skill level 10 in Polearms
 10055 | D:8      | Reached skill level 1 in Armour
 10055 | D:8      | Reached skill level 1 in Dodging
 10140 | D:8      | Reached XP level 10. HP: 30/67 MP: 0/16
 10644 | D:9      | Found a staircase to the Lair.
 10690 | D:8      | HP: 3/70 [wyvern (2)]
 10691 | D:8      | Mangled by a wyvern

Skill      XL: |  1  2  3  4  5  6  7  8  9 10 |
---------------+-------------------------------+-----
Polearms       | 2 3 4 5 7 10 | 10.3
Charms         | 3 4 6 |  6.2
Spellcasting   | 3 4 |  4.0
Armour         | 1 2 |  2.3
Dodging        | 1 2 |  2.1
Fighting       | 3 |  3.1

Action                   |  1- 3 |  4- 6 |  7- 9 | 10-12 || total
-------------------------+-------+-------+-------+-------++-------
Melee: Spear             |   135 |   209 |   153 |       ||   497
       Trident           |       |       |   293 |    63 ||   356
 Cast: Infusion          |    21 |    12 |     4 |     1 ||    38
       Shroud of Golubri |       |     5 |     7 |     1 ||    13
       Spectral Weapon   |       |    19 |    44 |     7 ||    70
Evoke: Wand              |       |       |     3 |       ||     3
  Use: Scroll            |     2 |     5 |    10 |     3 ||    20
 Stab: Distracted        |       |     3 |     6 |       ||     9
       Sleeping          |       |     1 |     1 |     1 ||     3
       Paralysed         |       |       |     9 |       ||     9
Armor: Leather armour    |    27 |    42 |    58 |     8 ||   135
Dodge: Dodged            |    64 |   122 |   152 |    27 ||   365
